 Dungeon Crawl Stone Soup version 0.29-a0-338-g1ff7896281 (webtiles) character file.

Game seed: 18074994794426076727

39 Lekart the Skirmisher (level 3, -5/33 HPs)
             Began as a Draconian Chaos Knight on Apr 18, 2022.
             Was a Plaything of Xom.
             Splashed by a jelly's acid (10 damage)
             ... on level 2 of the Dungeon.
             The game lasted 00:02:51 (1217 turns).

Lekart the Skirmisher (Draconian Chaos Knight)      Turns: 1217, Time: 00:02:52

Health: -5/33      AC:  2    Str: 14    XL:     3   Next: 28%
Magic:  3/3        EV: 12    Int: 12    God:    Xom [..*...]
Gold:   84         SH:  0    Dex: 12    Spells: 2/2 levels left

rFire   . . .      SeeInvis .   a - +0 falchion (chaos)
rCold   . . .      Faith    .   (no shield)
rNeg    . . .      Spirit   .   (body armour unavailable)
rPois   .          Reflect  .   (helmet restricted)
rElec   .          Harm     .   (no cloak)
rCorr   .          Rampage  .   (no gloves)
Will    .....                   n - +0 pair of boots
Stlth   +.........              (no amulet)
HPRegen 0.11/turn               (no ring)
MPRegen 0.08/turn               (no ring)

@: corroded
A: AC +5, unfitting armour, cold-blooded
a: Renounce Religion


You were on level 2 of the Dungeon.
You worshipped Xom.
You were a toy of Xom.
You visited 1 branch of the dungeon, and saw 2 of its levels.

You collected 84 gold pieces.

Inventory:

Hand Weapons
 a - a +0 falchion of chaos (weapon)
Missiles
 j - 2 poisoned darts (quivered)
Armour
 n - a +0 pair of boots (worn)
Jewellery
 k - a ring of willpower
Scrolls
 c - a scroll of identify {unknown}
 d - 2 scrolls of fog {unknown}
 f - a scroll of enchant armour {unknown}
 h - 2 scrolls of enchant weapon {unknown}
 l - a scroll of blinking {unknown}
Potions
 e - a potion of curing {unknown}
 g - 2 potions of haste {unknown}
 i - a potion of mutation {unknown}
 m - a potion of heal wounds {unknown}
Miscellaneous
 b - a piece from Xom's chessboard (9/15)


   Skills:
 + Level 3.9 Fighting
 + Level 3.7 Long Blades
 + Level 2.4 Dodging
 + Level 0.1 Evocations


You had 2 spell levels left.
You didn't know any spells.
Your spell library contained the following spells:

 Spells                   Type           Power      Damage    Failure   Level
 Scorch                   Fire           0%         2d5       45%         2
 Flame Wave               Conj/Fire      0%         2d4       97%         4
 Summon Cactus Giant      Summ           0%         N/A       100%        6


Dungeon Overview and Level Annotations

Branches:
Dungeon (2/15)

Altars:


Innate Abilities, Weirdness & Mutations

Your plain brown scales are hard. (AC +5)
You cannot fit into any form of body armour.
You are cold-blooded and may be slowed by cold attacks.


Message History

Things that are here:
a +0 dagger; a goblin corpse You open the door.
There is an open door here.
A jelly comes into view.
A jelly is nearby!
Throw: 3 darts (poison)
Press: ? - help, Q - select action, (/) - cycle Shift-Dir - straight line, f - jelly
Aim: a jelly (asleep, 98% to hit)
You throw a poisoned dart. The poisoned dart hits the jelly.
The jelly is poisoned.
The jelly quivers.
Found 13 gold pieces.
The jelly hits you. The acid corrodes you!
You are splashed with acid!
You hit the jelly but do no damage.
Your hands burn!
The jelly is moderately wounded.
The jelly hits you. The acid corrodes you!
You are splashed with acid!
* * * LOW HITPOINT WARNING * * *
You are too injured to fight recklessly!
You are too injured to fight recklessly!
You are too injured to fight recklessly!
You are too injured to fight recklessly!
You are too injured to fight recklessly!
You are too injured to fight recklessly!
You are too injured to fight recklessly!
You are too injured to fight recklessly!
You are too injured to fight recklessly!
You are too injured to fight recklessly!
You are too injured to fight recklessly!
You are too injured to fight recklessly!
You are too injured to fight recklessly!
You are too injured to fight recklessly!
You are too injured to fight recklessly!
You are too injured to fight recklessly!
You are too injured to fight recklessly!
The jelly attacks as you move away! The jelly hits you.
* * * LOW HITPOINT WARNING * * *
You are splashed with acid!
You die...
Xom chortles!

.....# #..##.....##.##.......#
.....# #..#.........##.......#
.###.######....#######.......#
.......##....................#
.......##.##......############
.......##.##.............
....)..##'###............
.....)......#........(..$
................@J.......
#...........#............
#......######.#..........
#......# #.#..........
#......# #.#..........
#......# .....#.###.##
#......# .....#.# ... .##.####
........# .. .##.#### ... #..


You could see a jelly (poisoned).

Vanquished Creatures
  2 dart slugs
  3 endoplasms
  3 giant cockroaches
  5 goblins (D:2)
  2 hobgoblins (D:1)
  3 jackals (D:1)
  3 kobolds
  2 quokkas (D:1)
  3 ball pythons
  2 frilled lizards (D:1)
  5 rats
33 creatures vanquished.

Notes
Turn   | Place    | Note
-------+----------+-------------------------------------------
     0 | D:1      | Lekart the Draconian Chaos Knight began the quest for the
                  | Orb.
     0 | D:1      | Reached XP level 1. HP: 19/19 MP: 1/1
    64 | D:1      | XOM: silly message
    93 | D:1      | Reached XP level 2. HP: 16/26 MP: 2/2
   253 | D:1      | XOM: silly message
   497 | D:1      | Found a faded altar of an unknown god.
   619 | D:2      | Reached XP level 3. HP: 26/33 MP: 3/3
   936 | D:2      | XOM: silly message
  1217 | D:2      | Splashed by a jelly's acid

Illustrated notes

Levels and vault maps discovered:
D:1:      minmay_arrival_diagonal_passages, layout_rooms,
          hellmonk_ecumenical_altar_crossroads
D:2:      layout_basic

Action                   || total
-------------------------++-------
Melee: Falchion          ||    68
       Tailslap          ||     2
Throw: Dart              ||    16
Evoke: Piece from Xom's  ||     7
 Stab: Paralysed         ||     1
Armor: Skin              ||    19
Dodge: Dodged            ||    40

Table legend: (Time is in decaauts)
 A = Elapsed time spent in this place.
 B = Non-inter-level travel time spent in this place.
 C = Inter-level travel time spent in this place.
 D = Time resting spent in this place.
 E = Time spent auto-exploring this place.
 F = Levels seen in this place.
 G = Mean time per level.
                   A        B        C        D        E       F      G
               +--------+--------+--------+--------+--------+-----+--------+
         Total |   1225 |   1191 |     34 |      0 |    959 |   2 |  612.5 |
       Dungeon |   1225 |   1191 |     34 |      0 |    959 |   2 |  612.5 |
               +--------+--------+--------+--------+--------+-----+--------+

Top non-repeatable levels by time:
     D:2: 654 daAuts
     D:1: 570 daAuts
